 Dungeon Crawl Stone Soup version 0.21.1-1-g345015f (webtiles) character file.

537 vatarom the Poker (level 7, -1/54 HPs)
             Began as a Demonspawn Gladiator on May 12, 2018.
             Slain by Duvessa
             ... wielding a +0 rapier
              (4 damage)
             ... on level 4 of the Dungeon.
             The game lasted 00:07:33 (3370 turns).

vatarom the Poker (Demonspawn Gladiator)            Turns: 3370, Time: 00:07:34

Health: -1/54      AC:  5    Str: 20    XL:     7   Next: 5%
Magic:  7/7        EV: 14    Int:  9    God:
Gold:   154        SH:  0    Dex: 16    Spells: 6/6 levels left

rFire    . . .     SeeInvis .   a - +0 trident
rCold    + + .     Gourm    .   (no shield)
rNeg     . . .     Faith    .   b - +0 leather armour
rPois    .         Spirit   .   (helmet restricted)
rElec    .         Reflect  .   v - +0 cloak
rCorr    .         Harm     .   (no gloves)
MR       .....                  x - +0 pair of boots
Stlth    +.........             (no amulet)
HPRegen  0.18/turn              j - ring of protection from cold
MPRegen  0.10/turn              (no ring)

@: mighty, flying, glowing
A: horns 2, cold resistance 1, demonic guardian 1
a: no special abilities


You were on level 4 of the Dungeon.
You were not hungry.

You visited 1 branch of the dungeon, and saw 4 of its levels.

You collected 154 gold pieces.

Inventory:

Hand Weapons
 a - a +0 trident (weapon)
Missiles
 d - 3 throwing nets
 k - 5 poisoned tomahawks (quivered)
Armour
 b - a +0 leather armour (worn)
 v - a +0 cloak (worn)
 x - a +0 pair of boots (worn)
Jewellery
 j - a ring of protection from cold (left hand)
Scrolls
 e - a scroll of remove curse
 h - 3 scrolls of teleportation
 i - a scroll of amnesia {unknown}
 l - a scroll of blinking {unknown}
 m - a scroll of magic mapping {unknown}
 o - 2 scrolls of fear
Potions
 g - a potion of flight
 q - a potion of agility {unknown}
 r - a potion of haste {unknown}
 s - a potion of might
 t - a potion of lignification {unknown}
Comestibles
 f - 4 rations


   Skills:
 + Level 4.1 Fighting
 * Level 5.5 Polearms
 - Level 1.7 Throwing
 + Level 4.3 Dodging


You had 6 spell levels left.
You didn't know any spells.

Dungeon Overview and Level Annotations

Branches:
Dungeon (4/15)
 Temple: D:4-7

Altars:
Cheibriados
Trog
Wu Jian

Portals:
Ossuary: D:4

Annotations:
D:4 Duvessa


Innate Abilities, Weirdness & Mutations

You have a pair of horns on your head.
Your flesh is cold resistant. (rC+)
A weak demonic guardian rushes to your aid.


Message History

Duvessa is lightly wounded.
You hear the quick hiss of an avalanche of sand.
Your iron imp disappears in a puff of smoke!
Duvessa hits you but does no damage. Duvessa hits you with a rapier!
Unknown command.
You hit Duvessa. Your headbutt misses Duvessa.
Duvessa is lightly wounded.
Duvessa hits you with a rapier.
Unknown command.
You completely miss Duvessa. You headbutt Duvessa, but do no damage.
Duvessa is lightly wounded.
Duvessa hits you with a rapier!! Duvessa hits you with a rapier!
* * * LOW HITPOINT WARNING * * *
Unknown command.
You feel better. Duvessa hits you with a rapier.
* * * LOW HITPOINT WARNING * * *
It was a potion of might.
You feel very mighty all of a sudden. Duvessa hits you with a rapier.
You die...

#.####+####....+........#.....##
#.###..........######...+.....+.
#..............## ...#.#.....##
#####...........# ##.##.#######
#########...# #.. ..# #...# #..
### #...# ... #...####. #..@#
#.5e)....# #........+ #........#
.........# ...?####### ..∩..
......


You could see Duvessa (berserk) and a friendly white imp.

Vanquished Creatures
  Sigmund (D:4)
  Edmund (D:4)
  A scorpion (D:4)
  Dowan (D:4)
  A bullfrog skeleton (D:4)
  A worker ant (D:4)
  4 adders
  3 oozes
  2 worms
  2 dart slugs (D:2)
  3 leopard geckos
  A ball python (D:1)
  6 bats
  4 giant cockroaches
  5 goblins
  3 hobgoblins
  2 jackals (D:1)
  3 frilled lizards
  3 kobolds
  8 rats
55 creatures vanquished.

Vanquished Creatures (collateral kills)
  The ghost of Verendum the Shield-Bearer, a weakling DsWn (D:3)
1 creature vanquished.

Grand Total: 56 creatures vanquished

Notes
Turn   | Place    | Note
-------+----------+-------------------------------------------
     0 | D:1      | vatarom the Demonspawn Gladiator began the quest for the Orb.
     0 | D:1      | Reached XP level 1. HP: 16/16 MP: 1/1
   140 | D:1      | Reached skill level 3 in Polearms
   140 | D:1      | Gained mutation: A weak demonic guardian rushes to your aid. [demonic ancestry]
   140 | D:1      | Reached XP level 2. HP: 22/22 MP: 2/2
   717 | D:1      | Reached XP level 3. HP: 24/28 MP: 3/3
  1312 | D:2      | Found an ornate altar of the Wu Jian Council.
  1797 | D:2      | Gained mutation: You have a pair of small horns on your head. [demonic ancestry]
  1797 | D:2      | Reached XP level 4. HP: 34/34 MP: 4/4
  2386 | D:3      | Noticed Verendum's ghost (weakling DsWn)
  2392 | D:3      | Killed Verendum's ghost
  2392 | D:3      | Reached skill level 4 in Polearms
  2831 | D:4      | Reached XP level 5. HP: 41/41 MP: 5/5
  2866 | D:4      | Found a bloodstained altar of Trog.
  2882 | D:4      | Noticed Edmund
  2898 | D:4      | Killed Edmund
  2986 | D:4      | Gained mutation: You have a pair of horns on your head. [demonic ancestry]
  2986 | D:4      | Reached XP level 6. HP: 34/47 MP: 6/6
  3014 | D:4      | Found a snail-covered altar of Cheibriados.
  3043 | D:4      | Noticed Sigmund
  3053 | D:4      | Killed Sigmund
  3053 | D:4      | Reached skill level 5 in Polearms
  3353 | D:4      | Noticed Dowan
  3355 | D:4      | Found a sand-covered staircase.
  3356 | D:4      | Noticed Duvessa
  3362 | D:4      | Killed Dowan
  3362 | D:4      | Gained mutation: Your flesh is cold resistant. (rC+) [demonic ancestry]
  3362 | D:4      | Reached XP level 7. HP: 54/54 MP: 7/7
  3368 | D:4      | HP: 2/54 [Duvessa/rapier (16)]
  3370 | D:4      | Slain by Duvessa

Skill      XL: |  1  2  3  4  5  6 |
---------------+-------------------+-----
Polearms       | 3 4 5 |  5.5
Dodging        | 3 4 |  4.3
Fighting       | 3 4 |  4.1
Throwing       | |  1.7

Action                   |  1- 3 |  4- 6 |  7- 9 || total
-------------------------+-------+-------+-------++-------
Melee: Trident           |   114 |    98 |     6 ||   218
       Headbutt          |       |    17 |     2 ||    19
Throw: Tomahawk          |     3 |       |       ||     3
       Throwing net      |     1 |       |       ||     1
  Use: Scroll            |     1 |     6 |       ||     7
       Potion            |     1 |     3 |     2 ||     6
 Stab: Sleeping          |     2 |     1 |       ||     3
       Distracted        |     1 |     1 |       ||     2
  Eat: Chunk             |     3 |     5 |       ||     8
Armor: Leather armour    |    15 |    17 |     1 ||    33
Dodge: Dodged            |    82 |    38 |     2 ||   122
